 Dungeon Crawl Stone Soup version 0.32-a0-673-g3729bd50f8 (webtiles) character file.

Game seed: 6349900449298789816

10598 Fodor the Basher (level 11, -2/97 HPs)
             Began as a Minotaur Fighter on Mar 10, 2024.
             Was an Initiate of Gozag.
             Killed from afar by an oklob plant (8 damage)
             ... with a splash of acid
             ... on level 11 of the Dungeon.
             The game lasted 00:37:41 (9977 turns).

Fodor the Basher (Minotaur Fighter)                 Turns: 9977, Time: 00:37:42

Health: -2/97      AC: 32    Str: 25    XL:     11   Next: 38%
Magic:  0/10       EV: 10    Int:  5    God:    Gozag
Gold:   821        SH:  0    Dex: 10    Spells: 10/10 levels left

rFire   + . .        w - +1 morningstar (protect)
rCold   . . .        (no shield)
rNeg    . . .        G - +3 chain mail {rF+}
rPois   +            L - +1 hat of Reason {+Inv rPois rCorr Stlth-}
rElec   .            s - +2 cloak {Will+}
rCorr   +            (no gloves)
SInv    .            e - +2 pair of boots
Will    +....        t - amulet of guardian spirit Stlth
                     l - +4 ring of protection
HPRegen 0.36/turn    (no ring)
MPRegen 0.12/turn

%: guardian spirit
@: mighty, corroded, under a protective aura
A: horns 2, retaliatory headbutt
a: Renounce Religion, Evoke Invisibility, Potion Petition, Call Merchant, Bribe
Branch


You were on level 11 of the Dungeon.
You worshipped Gozag.
Gozag was pleased with you.
You visited 2 branches of the dungeon, and saw 12 of its levels.
You also visited: Bailey.

You collected 1396 gold pieces.
You spent 445 gold pieces at shops.
You paid 130 gold pieces to Gozag.

Inventory:

Hand Weapons
 m - a +0 shortbow
 w - a +1 morningstar of protection (weapon)
 I - a +4 heavy flail
Armour
 e - a +2 pair of boots (worn)
 s - a +2 cloak of willpower (worn)
 G - a +3 chain mail of fire resistance (worn)
 L - the +1 hat of Reason (worn) {+Inv rPois rCorr Stlth-}
   (You found it in a bailey)

   rPois:     It protects you from poison.
   +Inv:      It lets you turn invisible.
   rCorr:     It protects you from acid and corrosion.
   Stlth-:    It makes you less stealthy.
 O - a +1 cloak of stealth
Jewellery
 l - a +4 ring of protection (left hand)
 t - an amulet of guardian spirit (around neck)
 J - a +4 ring of protection
Talismans
 u - a maw talisman
 v - a beast talisman
Wands
 h - a wand of digging (6)
 F - a wand of light (11)
Scrolls
 c - a scroll of blinking {unknown}
 d - a scroll of amnesia {unknown}
 j - a scroll of poison
 k - a scroll of identify
 n - 3 scrolls of teleportation
 x - 2 scrolls of noise
 y - a scroll of fear
 B - a scroll of enchant armour {unknown}
 E - a scroll of immolation
 H - 2 scrolls of butterflies
Potions
 b - 2 potions of resistance {unknown}
 f - 3 potions of mutation
 i - 2 potions of enlightenment
 p - 3 potions of attraction {unknown}
 q - 5 potions of might
 r - 3 potions of berserk rage {unknown}
 z - 3 potions of brilliance {unknown}
 A - 3 potions of ambrosia {unknown}
 C - 4 potions of invisibility {unknown}
 D - a potion of haste {unknown}
 K - a potion of cancellation {unknown}


   Skills:
 + Level 9.1 Fighting
 + Level 7.8(11.1) Axes
 + Level 12.4(13.6) Maces & Flails
 + Level 4.0(9.0) Staves
 + Level 2.0 Ranged Weapons
 + Level 11.6 Armour
 + Level 4.0 Dodging
 + Level 1.3 Stealth
 + Level 5.1 Shields


You had 10 spell levels left.
You didn't know any spells.
Your spell library contained the following spells:

 Spells                   Type           Power      Damage    Failure   Level
 Magic Dart               Conj           0%         1d3       90%         1
 Shock                    Conj/Air       0%         1d3       90%         1
 Summon Small Mammal      Summ           0%         N/A       90%         1
 Cigotuvi's Dreadful Rot  Necr/Alch/Air  0%         N/A       97%         2
 Ensorcelled Hibernation  Hex/Ice        0%         N/A       97%         2
 Searing Ray              Conj           0%         2d4       97%         2
 Static Discharge         Conj/Air       0%         3-3/arc   97%         2
 Call Canine Familiar     Summ           0%         N/A       99%         3
 Dazzling Flash           Conj/Hex       0%         N/A       99%         3
 Fugue of the Fallen      Necr           0%         N/A       99%         3
 Swiftness                Air            0%         N/A       99%         3
 Volatile Blastmotes      Fire/Tloc      0%         2d10      99%         3
 Airstrike                Air            0%         2d(0-16)  100%        4
 Anguish                  Hex/Necr       0%         N/A       100%        4
 Fulminant Prism          Conj/Alch      0%         3d5       100%        4
 Ignite Poison            Fire/Alch      0%         N/A       100%        4
 Iskenderun's Mystic Bla  Conj/Tloc      0%         2d3       100%        4
 Summon Blazeheart Golem  Fire/Summ      0%         N/A       100%        4
 Summon Lightning Spire   Summ/Air       0%         N/A       100%        4
 Freezing Cloud           Conj/Ice/Air   0%         6-21      100%        5
 Sculpt Simulacrum        Ice/Alch       0%         N/A       100%        6
 Starburst                Conj/Fire      0%         6d3       100%        6
 Ozocubu's Refrigeration  Ice            0%         4d7       100%        7
 Maxwell's Capacitive Co  Air            0%         ∞         100%        8
 Polar Vortex             Ice            0%         N/A       100%        9


Dungeon Overview and Level Annotations

Branches:
Dungeon (11/15)            Temple (1/1) D:6            Lair (0/5) D:11
 Bailey (visited)
    Orc: D:9-12

Altars:
Ashenzari
Cheibriados
Dithmenos
Elyvilon
Fedhas
Gozag
Hepliaklqana
Kikubaaqudgha
Makhleb
Nemelex Xobeh
Okawaru
Qazlal
Ru
Sif Muna
Trog
Uskayaw
Vehumet
Wu Jian
Xom
Yredelemnul
Zin
The Shining One

Shops:
D:4 :   D:7 [   D:9 (

Annotations:
D:10 2 transporters, lotum's ghost, journeyman CoHu
D:11 exclusion: oklob plant, Sonja
Temple 4 transporters


Innate Abilities, Weirdness & Mutations

You have a pair of horns on your head.
You reflexively headbutt those who attack you in melee.


Message History

Sonja is no longer distracted by gold.
Sonja mumbles some strange words.
Sonja blinks!
The ogre is distracted by your dazzling golden aura.
You strike the helpless ogre from behind!
You sock the ogre!
Your attack snaps the ogre out of its fear.
The ogre is almost dead.
You feel sick.
The yak is distracted by your dazzling golden aura.
The ogre cries, "Help!"
The ogre shouts!
The yak bellows!
You hit the ogre but do no damage.
The ogre is no longer distracted by gold.
Your attack snaps the ogre out of its fear.
The ogre is heavily wounded.
You feel sick. The ogre hits you but does no damage.
You puncture the ogre!
You kill the ogre!
An ogre comes into view. It is wielding a +0 giant spiked club.
You feel sick. The ogre hits you with a +0 giant club.
* * * LOW HITPOINT WARNING * * *
Things that are here:
10 gold pieces; a +0 giant club You feel very mighty all of a sudden.
You feel sick. The oklob plant spits acid at you.
The splash of acid hits you but does no damage.
The acid corrodes you! The ogre hits you with a +0 giant club!
* * * LOW HITPOINT WARNING * * *
You feel sick. Why would you want to do that? Why would you want to do that?
Why would you want to do that?
You feel sick.
You are no longer poisoned.
The oklob plant spits acid at you. The splash of acid hits you! You resist.
You die...
Your body crumbles into a pile of gold.

.....#...≈.. ..# #.##
.....(#...# ...# #..##
#....##.PP##... #...#
#..#...PPP...# #...##
#..#≈.PP>P..≈#
#....###..#..PPPPP.
##.....##...K##P.P# .
.............$#Y@.#....
............#$O.≈...#
#...........O#######..[.
##########.#Y....O.. ...
#.##...?.O. . #..
...O.K. ##..YY.OOO.
......... ........O


You could see an oklob plant, a yak and 2 ogres.

Vanquished Creatures
  The ghost of jboons the Martial Artist, a novice KoMo of Yredelemnul (D:7)
  Lodul (D:11)
  The ghost of ezpacito the Chopper, a novice CoCK of Xom (D:8)
  Joseph (D:9)
  A gargoyle (Bailey)
  An unseen horror (D:5)
  A komodo dragon (D:10)
  A vampire (Bailey)
  Eustachio (D:4)
  11 yaks
  2 wyverns
  A basilisk (D:11)
  A steam dragon (D:10)
  5 water moccasins
  2 orc warriors
  A sky beast (D:7)
  A black bear (D:7)
  2 ice beasts
  5 ogres (D:11)
  5 centaurs
  2 kobold brigands
  7 bullfrogs
  2 scorpions
  7 wights
  19 killer bees
  An electric eel (D:7)
  2 howler monkeys
  8 vampire bats (Bailey)
  3 wolf zombies (Bailey)
  A bombardier beetle (D:5)
  2 gnoll boudas
  Crazy Yiuf (D:4)
  2 jellies
  6 orc priests
  A sleepcap (D:6)
  4 iguanas
  8 orc wizards
  17 gnolls
  11 adders
  A shadow imp (D:8)
  A white imp (D:7)
  2 ufetubi (D:4)
  7 dart slugs
  27 orcs
  7 endoplasms
  2 giant cockroaches
  2 goblins
  4 hobgoblins
  4 jackals (D:1)
  19 kobolds
  A quokka (D:3)
  6 ball pythons
  10 bats
  4 frilled lizards
  17 orc zombies (Bailey)
  4 rats
267 creatures vanquished.

Notes
Turn   | Place    | Note
-------+----------+-------------------------------------------
     0 | D:1      | Fodor the Minotaur Fighter began the quest for the Orb.
     0 | D:1      | Reached XP level 1. HP: 19/19 MP: 0/0
   180 | D:1      | Reached XP level 2. HP: 25/27 MP: 1/1
   255 | D:1      | Upgraded the game from 0.32-a0-666-ge8a88695a4 to
                  | 0.32-a0-673-g3729bd50f8
   946 | D:2      | Reached XP level 3. HP: 18/33 MP: 2/2
  1673 | D:3      | Reached XP level 4. HP: 40/40 MP: 3/3
  1814 | D:3      | Found a faded altar of an unknown god.
  1828 | D:3      | Reached skill level 1 in Dodging
  2236 | D:4      | Reached XP level 5. HP: 36/46 MP: 4/4
  2278 | D:4      | Found Odubunk's Tiny Tomes.
  2302 | D:4      | Noticed Eustachio
  2313 | D:4      | Killed Eustachio
  2314 | D:4      | Reached skill level 5 in Axes
  2314 | D:4      | Reached skill level 5 in Armour
  2314 | D:4      | Reached XP level 6. HP: 40/53 MP: 5/5
  2374 | D:4      | Found a runed translucent door.
  2375 | D:4      | Noticed Crazy Yiuf
  2683 | D:4      | Noticed an ice beast
  2696 | D:4      | Killed an ice beast
  2965 | D:4      | Killed Crazy Yiuf
  3086 | D:5      | Entered Level 5 of the Dungeon
  3092 | D:5      | Noticed a water moccasin
  3097 | D:5      | Reached XP level 7. HP: 47/60 MP: 6/6
  3116 | D:5      | Reached skill level 5 in Fighting
  3119 | D:5      | Reached skill level 1 in Staves
  3124 | D:5      | Reached skill level 5 in Shields
  3310 | D:5      | Killed an unseen horror
  3311 | D:5      | Reached XP level 8. HP: 30/69 MP: 3/7
  3529 | D:5      | Reached skill level 1 in Ranged Weapons
  3559 | D:5      | Identified the +0 scale mail "Etouq" {rElec rF++ Will+
                  | Str-4}
  4427 | D:6      | Reached skill level 1 in Maces & Flails
  4516 | D:6      | Found a shimmering altar of Xom.
  4531 | D:6      | Reached skill level 3 in Maces & Flails
  4696 | D:6      | Found an ancient bone altar of Kikubaaqudgha.
  4728 | D:6      | Found a staircase to the Ecumenical Temple.
  4736 | Temple   | Found a transporter.
  4736 | Temple   | Found a transporter.
  4736 | Temple   | Found a transporter.
  4736 | Temple   | Found a transporter.
  4736 | Temple   | Entered the Ecumenical Temple
  4898 | D:6      | Reached skill level 4 in Maces & Flails
  5127 | D:6      | Reached XP level 9. HP: 75/75 MP: 8/8
  5232 | D:7      | Reached skill level 5 in Maces & Flails
  5738 | D:7      | Found a runed translucent door.
  5740 | D:7      | Noticed jboons's ghost (novice KoMo)
  6074 | D:7      | Reached skill level 6 in Maces & Flails
  6109 | D:7      | Found Null's Antique Armour Shoppe.
  6123 | D:7      | Bought a shiny chain mail for 202 gold pieces
  6373 | D:7      | Found an ornate altar of the Wu Jian Council.
  6385 | D:7      | Found an opulent altar of Gozag.
  6394 | D:7      | Became a worshipper of Gozag Ym Sagoz the Greedy
  6754 | D:7      | Killed jboons's ghost
  6755 | D:7      | Reached skill level 8 in Maces & Flails
  6898 | D:8      | Reached XP level 10. HP: 51/83 MP: 4/9
  7050 | D:8      | Reached skill level 10 in Armour
  7292 | D:8      | Noticed ezpacito's ghost (novice CoCK)
  7295 | D:8      | Found a runed translucent door.
  7401 | D:8      | Killed ezpacito's ghost
  7402 | D:8      | Reached skill level 9 in Maces & Flails
  7551 | D:9      | Noticed Joseph
  7572 | D:9      | Killed Joseph
  7573 | D:9      | Reached skill level 10 in Maces & Flails
  7573 | D:9      | Found a flagged portal.
  7668 | Bailey   | Entered a bailey
  7956 | Bailey   | Noticed a gargoyle
  7965 | Bailey   | Killed a gargoyle
  8068 | Bailey   | Reached skill level 11 in Maces & Flails
  8068 | Bailey   | Found the +8 demon blade "Leech" {evervamp, Harm ^Drain
                  | rN+}
  8070 | Bailey   | Identified the +8 short sword "Fuyneaf" {heavy, rF+ rN+}
  8076 | Bailey   | Identified the +1 hat of Reason {+Inv rPois rCorr Stlth-}
  8291 | D:9      | Found a glowing silver altar of Zin.
  8335 | D:9      | Found Gerakh's Antique Weapon Shoppe.
  8364 | D:9      | Bought a masterwork scimitar for 243 gold pieces
  8364 | D:9      | Identified the +5 scimitar of Bloody Death {freeze, Dex+4}
                  | (You bought it in a shop on level 9 of the Dungeon)
  8572 | D:9      | Reached XP level 11. HP: 69/95 MP: 7/10
  8577 | D:9      | Reached skill level 1 in Stealth
  8773 | D:10     | Entered Level 10 of the Dungeon
  9208 | D:10     | Reached skill level 12 in Maces & Flails
  9329 | D:10     | Noticed a cyan ugly thing
  9330 | D:10     | Noticed lotum's ghost (journeyman CoHu)
  9383 | D:10     | Found a transporter.
  9395 | D:10     | Found a transporter.
  9923 | D:11     | Found a staircase to the Lair.
  9926 | D:11     | Noticed Lodul
  9928 | D:11     | Noticed Sonja
  9931 | D:11     | Noticed an oklob plant
  9948 | D:11     | Killed Lodul
  9977 | D:11     | Killed from afar by an oklob plant

Illustrated notes

Levels and vault maps discovered:
D:1:      nzn_arrival_water_spiral, layout_loops_corners
D:2:      layout_rooms, serial_glass, glass_columns_b, glass_columns_b,
          minmay_door_square
D:3:      layout_basic, dreamdust_ecumenical_altar_grove, minmay_cut_off
D:4:      minmay_inner_zag, layout_rooms, nicolae_shop_i_like_small_books_too,
          minivault_14, uniq_crazy_yiuf_cottage, uniq_eustachio
D:5:      layout_loops_cross
D:6:      layout_loops_corners, grunt_temple_overflow_open, temple_green,
          reono_crystal_passage, chequers_hall_statues_y, dk_vineyard_1
D:7:      layout_layer_cave, jmf_multi_god_temple2, gammafunk_ghost_grave,
          serial_shops, nicolae_shop_trees, serial_bayou_lagoon_a
D:8:      layout_rooms, hellmonk_ghost_happy_afterlife
D:9:      layout_rooms, mainiacjoe_overflow_cross_hatched, enter_bailey_6,
          serial_shops, shop, serial_library_hellmonk_open_cross, uniq_joseph
D:10:     layout_irregular_city, gammafunk_ghost_arena
D:11:     layout_cave_pods, dpeg_oklobed_lair, orc_0_dummy, uniq_sonja,
          uniq_lodul
Temple:   hellmonk_temple_divided_pantheon

Skill      XL: |  1  2  3  4  5  6  7  8  9 10 11 |
---------------+----------------------------------+-----
Armour         | 4 5 6 7 9 11 | 11.6
Fighting       | 4 5 6 7 8 9 |  9.1
Shields        | 4 5 |  5.1
Axes           | 3 4 5 6 7 |  7.8
Dodging        | 1 2 3 4 |  4.0
Staves         | 2 4 |  4.0
Ranged Weapons | 2 |  2.0
Maces & Flails | 4 8 11 12 | 12.4
Stealth        | 1 |  1.3

Action                     |  1- 3 |  4- 6 |  7- 9 | 10-12 || total
---------------------------+-------+-------+-------+-------++-------
  Melee: War axe           |    72 |    76 |       |       ||   148
         Headbutt          |     5 |    13 |    31 |    64 ||   113
         Quarterstaff      |       |     7 |    50 |       ||    57
         Morningstar       |       |       |   177 |   352 ||   529
   Fire: Sling             |       |       |     5 |       ||     5
         Shortbow          |       |       |     1 |       ||     1
    Use: Potion            |       |     1 |     3 |     6 ||    10
         Scroll            |       |       |     9 |     2 ||    11
   Stab: Distracted        |       |       |       |     3 ||     3
         Fleeing           |       |       |       |     1 ||     1
 Armour: Scale mail        |    78 |     1 |       |       ||    79
         Plate armour      |       |   114 |   281 |       ||   395
         Chain mail        |       |       |    73 |   452 ||   525
  Dodge: Dodged            |    37 |    37 |   113 |   249 ||   436
  Block: Buckler           |    19 |    26 |       |       ||    45

Table legend: (Time is in decaauts)
 A = Elapsed time spent in this place.
 B = Non-inter-level travel time spent in this place.
 C = Inter-level travel time spent in this place.
 D = Time resting spent in this place.
 E = Time spent auto-exploring this place.
 F = Levels seen in this place.
 G = Mean time per level.
                   A        B        C        D        E       F      G
               +--------+--------+--------+--------+--------+-----+--------+
         Total |  10055 |   9831 |    224 |    312 |   6347 |  13 |  773.5 |
       Dungeon |   9520 |   9296 |    224 |    312 |   6097 |  11 |  865.5 |
        Temple |     27 |     27 |      0 |      0 |      0 |   1 |   27.0 |
        Bailey |    506 |    506 |      0 |      0 |    250 |   1 |  506.0 |
               +--------+--------+--------+--------+--------+-----+--------+

Top non-repeatable levels by time:
     D:7: 1590 daAuts
     D:6: 1087 daAuts
    D:10: 1046 daAuts
     D:5: 1043 daAuts
     D:1: 956 daAuts
     D:4: 889 daAuts
     D:9: 786 daAuts
     D:2: 728 daAuts
     D:8: 681 daAuts
     D:3: 572 daAuts
  Bailey: 506 daAuts
    D:11: 140 daAuts
  Temple: 27 daAuts
